 Dungeon Crawl Stone Soup version 0.31.0-12-g77e489cdc1 (webtiles) character file.

Game seed: 10111398596772222838

3024 spaghetti the Covered (level 10, -9/108 HPs)
             Began as a Djinni Chaos Knight on Feb 16, 2024.
             Was a Plaything of Xom.
             Mangled by a catoblepas (22 damage)
             ... on level 1 of the Lair of Beasts.
             The game lasted 00:09:07 (6801 turns).

spaghetti the Covered (Djinni Chaos Knight)         Turns: 6801, Time: 00:09:08

Health: -9/108     AC: 28    Str: 14    XL:     10   Next: 10%
Gold:   554        EV: 10    Int: 16    God:    Xom [.*....] SH:  0 Dex: 21

rFire   + + +        l - +2 war axe (venom)
rCold   x . .        (no shield)
rNeg    . . .        s - +4 chain mail {rPois}
rPois   ∞            B - +1 helmet of the Five Ships {Int+3}
rElec   .            p - +2 cloak
rCorr   .            u - +1 pair of gloves
SInv    .            (boots unavailable)
Will    ++...        (no amulet) Stlth
                     t - ring of willpower
HPRegen 0.38/turn    (no ring)
MPRegen 0.00/turn

%: random rage (3%), infuse magic (-10 HP)
@: berserking (expiring), flying, very quick
A: sickness immunity, fire resistance 3, cold vulnerability 1, float, innate
caster, HP casting, extra vitality 1, claws 1, iridescent scales 3, thin
skeletal structure 1, agile 1, berserk 1, screaming 1, strong 1
a: Renounce Religion


You were on level 1 of the Lair of Beasts.
You worshipped Xom.
You were a plaything of Xom.
You visited 2 branches of the dungeon, and saw 10 of its levels.

You collected 554 gold pieces.

Inventory:

Hand Weapons
 a - a +0 falchion of chaos
 d - a +1 dagger of venom
 l - a +2 war axe of venom (weapon)
Missiles
 b - a boomerang
 o - 3 javelins
 z - 2 throwing nets
Armour
 p - a +2 cloak (worn)
 s - a +4 chain mail of poison resistance (worn)
 u - a +1 pair of gloves (worn)
 B - the +1 helmet of the Five Ships (worn) {Int+3}
   (You found it on level 3 of the Dungeon)

   Int+3:     It affects your intelligence (+3).
Magical Staves
 E - a staff of alchemy
Jewellery
 r - a ring of ice
 t - a ring of willpower (left hand)
Wands
 q - a wand of iceblast (9)
 x - a wand of flame (34)
 F - a wand of polymorph (21)
 K - a wand of acid (7)
Scrolls
 c - a scroll of butterflies
 e - 2 scrolls of revelation
 i - a scroll of immolation
 k - 4 scrolls of noise
 w - a scroll of teleportation
 y - a scroll of blinking
 C - 2 scrolls of fog
 D - 3 scrolls of fear
 G - a scroll of vulnerability
 L - a scroll of enchant weapon
Potions
 f - a potion of berserk rage
 g - 4 potions of cancellation
 j - 4 potions of mutation
 m - 3 potions of heal wounds {unknown}
 n - 2 potions of brilliance {unknown}
 v - 2 potions of attraction {unknown}
 A - a potion of ambrosia {unknown}
 H - a potion of degeneration {unknown}
 I - a potion of curing
 J - a potion of haste {unknown}


   Skills:
 + Level 5.7 Fighting
 - Level 3.2 Long Blades
 - Level 4.4 Axes
 + Level 6.7 Armour
 + Level 6.2 Dodging
 + Level 5.0 Spellcasting
 + Level 5.0 Conjurations
 + Level 5.0 Hexes
   Level 0.0 Charms
 + Level 5.0 Summonings
 + Level 5.0 Necromancy
 + Level 5.0 Translocations
   Level 0.0 Transmutations
 + Level 5.0 Fire Magic
 + Level 5.0 Ice Magic
 + Level 5.0 Air Magic
 + Level 5.0 Earth Magic
 + Level 5.0 Alchemy


You knew the following spells:

 Your Spells              Type           Power      Damage    Failure   Level
a - Foxfire               Conj/Fire      80%        2x1d8     24%         1
b - Momentum Strike       Conj/Tloc      40%        3d9       34%         2
c - Summon Ice Beast      Ice/Summ       20%        N/A       56%         3
d - Vhi's Electric Charg  Tloc/Air       40%        N/A       93%         4
Your spell library was empty.

Dungeon Overview and Level Annotations

Branches:
Dungeon (9/15)             Temple (0/1) D:5            Lair (1/5) D:8
    Orc: D:9-12

Altars:
Ashenzari
Elyvilon
Gozag
Nemelex Xobeh
Qazlal
Uskayaw
Yredelemnul
Zin

Shops:
D:1 **??

Annotations:
D:3 2 transporters, jimmypageman's ghost, amateur MiFi
D:7 3 runed translucent doors, turdburglar's ghost, novice MfSh


Innate Abilities, Weirdness & Mutations

You are immune to sickness and miasma.
You are immune to poison.
Your flesh is almost immune to the effects of heat. (rF+++)
You are vulnerable to cold. (rC-)
You float through the air rather than walking.
You learn spells naturally, not from books.
Your magical power is your life essence.
You have superior vitality. (+4 MHP)
You have sharp fingernails.
You are completely covered in iridescent scales. (AC +6)
You have a somewhat thin skeletal structure. (Dex +2, Stealth+)
You are agile. (Dex +4, Str/Int -1)
You sometimes lose your temper in combat.
You occasionally shout uncontrollably at your foes.
Your muscles are strong. (Str +4, Int/Dex -1)


Message History

A red film seems to cover your vision as you go berserk!
You feel yourself moving faster!
You feel mighty!
The catoblepas breathes a plume of calcifying dust at you.
The blast of calcifying dust hits you!
* * * LOW HITPOINT WARNING * * *
Unknown command.
Unknown command.
Unknown command.
You feel a strong urge to attack something.
The catoblepas breathes a plume of calcifying dust at you.
The blast of calcifying dust hits you!
* * * LOW HITPOINT WARNING * * *
You see here 12 gold pieces.
You barely miss the catoblepas.
The catoblepas is lightly wounded.
The catoblepas gores you.
* * * LOW HITPOINT WARNING * * *
You slash the catoblepas!
The catoblepas looks as sick as possible!
The catoblepas is moderately wounded.
The catoblepas barely misses you.
You hit the catoblepas.
The catoblepas looks as sick as possible!
The catoblepas is moderately wounded.
The catoblepas gores you!
* * * LOW HITPOINT WARNING * * *
You slash the catoblepas!
The catoblepas is heavily wounded.
The catoblepas gores you but does no damage.
A yak comes into view.
Unknown command.
Unknown command.
The yak bellows!
You slash the catoblepas!
The catoblepas looks as sick as possible!
The catoblepas is severely wounded.
You hear a bellow!
The catoblepas gores you!!
You die...
Xom is highly amused!

#########. Y....... .. .......
#.## #....# ..... #....# .....
#....#...... ##...@#...... #...
#.§§§.Y...... #...
##...§#......#..... ...
#....#...........# . # ..
#.§...#+.#.#.....# .. #.# #.
##................##..
#.P.##.####............%....#.#.
#.........§.....................
#...............................


You could see a catoblepas (extremely poisoned) and a yak (wandering).

Vanquished Creatures
  A cane toad (Lair:1)
  A yak (D:9)
  Sigmund (D:5)
  A vampire (D:8)
  A water moccasin (D:5)
  2 sky beasts (D:7)
  An ogre (D:4)
  4 centaurs (D:8)
  A phantom (D:7)
  2 bullfrogs
  2 gnoll sergeants (D:8)
  A scorpion (D:6)
  5 wights
  2 howler monkeys (D:5)
  3 orc priests
  A jelly (D:6)
  4 hounds
  Crazy Yiuf (D:2)
  3 iguanas
  Ijyb (D:4)
  2 orc wizards
  5 adders
  16 gnolls
  2 shadow imps
  2 white imps
  2 dart slugs
  15 orcs
  8 ball pythons
  3 bats (D:1)
  5 endoplasms
  A giant cockroach (D:4)
  3 goblins
  2 hobgoblins
  6 kobolds
  A quokka (D:1)
  A frilled lizard (D:2)
  4 rats (D:1)
116 creatures vanquished.

Vanquished Creatures (collateral kills)
  4 wights (D:7)
  A white imp (D:5)
5 creatures vanquished.

Vanquished Creatures (others)
  26 foxfires
26 creatures vanquished.

Grand Total: 147 creatures vanquished

Notes
Turn   | Place    | Note
-------+----------+-------------------------------------------
     0 | D:1      | spaghetti the Djinni Chaos Knight began the quest for the
                  | Orb.
     0 | D:1      | Reached XP level 1. HP: 20/20 MP: 0/0
    13 | D:1      | Found Ozxe's Magic Scroll Shoppe.
    13 | D:1      | Found Meaxogew's Assorted Antiques.
    79 | D:1      | Reached XP level 2. HP: 25/25 MP: 0/0
   230 | D:1      | Found Urify's Magic Scroll Boutique.
   240 | D:1      | Reached XP level 3. HP: 30/30 MP: 0/0
   240 | D:1      | Learned a level 1 spell: Foxfire
   478 | D:2      | XOM: silly message
   640 | D:2      | XOM: noise
   731 | D:2      | Found a runed translucent door.
   732 | D:2      | Noticed Crazy Yiuf
   740 | D:2      | Killed Crazy Yiuf
   741 | D:2      | Reached skill level 1 in Axes
   741 | D:2      | Reached XP level 4. HP: 24/35 MP: 0/0
  1211 | D:2      | XOM: silly message
  1468 | D:3      | Noticed jimmypageman's ghost (amateur MiFi)
  1476 | D:3      | Found a transporter.
  1522 | D:3      | Found a transporter.
  1552 | D:3      | Noticed an earth elemental
  1553 | D:3      | Noticed an air elemental
  1556 | D:3      | XOM: divination: magic mapping
  1559 | D:3      | Found a stormy altar of Qazlal.
  1563 | D:3      | Reached XP level 5. HP: 14/40 MP: 0/0
  1563 | D:3      | Learned a level 2 spell: Momentum Strike
  1685 | D:3      | Noticed a fire elemental
  1685 | D:3      | Noticed a water elemental
  1728 | D:3      | Found an opulent altar of Gozag.
  1918 | D:3      | Found a white marble altar of Elyvilon.
  1952 | D:3      | Identified the +1 helmet of the Five Ships {Int+3}
  2011 | D:3      | Found a basalt altar of Yredelemnul.
  2201 | D:3      | XOM: smoke on damage
  2213 | D:3      | XOM: torment (14/40 hp)
  2534 | D:4      | Noticed Ijyb
  2553 | D:4      | Killed Ijyb
  2554 | D:4      | Reached skill level 1 in Spellcasting
  2554 | D:4      | Reached skill level 1 in Conjurations
  2554 | D:4      | Reached skill level 1 in Hexes
  2554 | D:4      | Reached skill level 1 in Summonings
  2554 | D:4      | Reached skill level 1 in Necromancy
  2554 | D:4      | Reached skill level 1 in Translocations
  2554 | D:4      | Reached skill level 1 in Fire Magic
  2554 | D:4      | Reached skill level 1 in Ice Magic
  2554 | D:4      | Reached skill level 1 in Air Magic
  2554 | D:4      | Reached skill level 1 in Earth Magic
  2554 | D:4      | Reached skill level 1 in Alchemy
  2554 | D:4      | Reached XP level 6. HP: 25/46 MP: 0/0
  2664 | D:4      | Noticed an ogre
  2671 | D:4      | Killed an ogre
  3128 | D:4      | XOM: noise
  3434 | D:5      | Entered Level 5 of the Dungeon
  3493 | D:5      | XOM: confusion
  3496 | D:5      | XOM: cast spell 'Animate Armour'
  3563 | D:5      | XOM: give mutations
  3563 | D:5      | Gained mutation: Your flesh is almost immune to the effects
                  | of heat. (rF+++) [Xom's grace]
  3563 | D:5      | Gained mutation: You are partially covered in iridescent
                  | scales. (AC +2) [Xom's grace]
  3563 | D:5      | Gained mutation: You have hidden genetic potential. [Xom's
                  | grace]
  3563 | D:5      | Gained mutation: Your muscles are strong. (Str +4, Int/Dex
                  | -1) [Xom's grace]
  3594 | D:5      | Noticed a water moccasin
  3599 | D:5      | Killed a water moccasin
  3600 | D:5      | Reached XP level 7. HP: 39/50 MP: 0/0
  3600 | D:5      | Learned a level 3 spell: Summon Ice Beast
  3794 | D:5      | Noticed Sigmund
  3804 | D:5      | Killed Sigmund
  3823 | D:5      | Gained mutation: You have sharp fingernails. [hidden
                  | potential]
  3851 | D:5      | Found a staircase to the Ecumenical Temple.
  3907 | D:5      | Reached XP level 8. HP: 54/56 MP: 0/0
  4104 | D:6      | Noticed a +0 dagger
  4104 | D:6      | Noticed a +0 spear
  4104 | D:6      | Noticed a +0 short sword
  4105 | D:6      | Noticed a +0 falchion
  4106 | D:6      | Noticed a +0 short sword
  4106 | D:6      | Noticed a +0 dagger
  4106 | D:6      | Noticed a +0 falchion
  4107 | D:6      | Found a hide-covered altar of Uskayaw.
  4107 | D:6      | Noticed a +0 spear
  4468 | D:6      | XOM: give mutations
  4468 | D:6      | Gained mutation: You are agile. (Dex +4, Str/Int -1) [Xom's
                  | grace]
  4468 | D:6      | Gained mutation: You are mostly covered in iridescent
                  | scales. (AC +4) [Xom's grace]
  4468 | D:6      | Gained mutation: You are completely covered in iridescent
                  | scales. (AC +6) [Xom's grace]
  4468 | D:6      | Gained mutation: You have a somewhat thin skeletal
                  | structure. (Dex +2, Stealth+) [Xom's grace]
  4497 | D:6      | XOM: god gift: boomerang
  4524 | D:6      | XOM: give mutation
  4524 | D:6      | Gained mutation: Your spells are a little harder to cast,
                  | but a little more powerful. [Xom's grace]
  4591 | D:6      | XOM: 1-stop teleportation journey
  4748 | D:7      | Noticed turdburglar's ghost (novice MfSh)
  4753 | D:7      | Gained mutation: Your spells are harder to cast, but more
                  | powerful. [hidden potential]
  4753 | D:7      | Lost mutation: You have hidden genetic potential. [hidden
                  | potential expressed]
  4755 | D:7      | XOM: scenery: summon butterflies
  4758 | D:7      | Noticed a basilisk
  4954 | D:7      | XOM: enchant monster (good)
  4990 | D:7      | Reached skill level 5 in Armour
  5112 | D:7      | XOM: scenery: 1 doors close
  5177 | D:7      | Found a runed translucent gate.
  5178 | D:7      | Found a runed translucent gate.
  5179 | D:7      | Found a runed translucent gate.
  5309 | D:7      | Reached XP level 9. HP: 62/62 MP: 0/0
  5309 | D:7      | Learned a level 4 spell: Vhi's Electric Charge
  5474 | D:8      | XOM: enchant monster (good)
  5476 | D:8      | Found a broken altar of Ashenzari.
  5487 | D:8      | Found a staircase to the Lair.
  5742 | D:8      | Found a sparkling altar of Nemelex Xobeh.
  5777 | D:8      | Found a glowing silver altar of Zin.
  5789 | D:8      | Reached skill level 5 in Dodging
  5800 | D:8      | XOM: destruction
  5915 | D:8      | Reached skill level 5 in Fighting
  6209 | D:8      | XOM: cast spell 'Summon Small Mammal'
  6407 | D:9      | XOM: fog
  6409 | D:9      | a yak changed into a swamp dragon
  6409 | D:9      | Noticed a swamp dragon
  6409 | D:9      | XOM: polymorph yak -> swamp dragon
  6435 | D:8      | XOM: fog
  6444 | D:8      | Reached XP level 10. HP: 35/70 MP: 0/0
  6560 | Lair:1   | Entered Level 1 of the Lair of Beasts
  6700 | Lair:1   | Noticed a cane toad
  6702 | Lair:1   | XOM: fog
  6709 | Lair:1   | Killed a cane toad
  6710 | Lair:1   | Reached skill level 5 in Spellcasting
  6710 | Lair:1   | Reached skill level 5 in Conjurations
  6710 | Lair:1   | Reached skill level 5 in Hexes
  6710 | Lair:1   | Reached skill level 5 in Summonings
  6710 | Lair:1   | Reached skill level 5 in Necromancy
  6710 | Lair:1   | Reached skill level 5 in Translocations
  6710 | Lair:1   | Reached skill level 5 in Fire Magic
  6710 | Lair:1   | Reached skill level 5 in Ice Magic
  6710 | Lair:1   | Reached skill level 5 in Air Magic
  6710 | Lair:1   | Reached skill level 5 in Earth Magic
  6710 | Lair:1   | Reached skill level 5 in Alchemy
  6782 | Lair:1   | Noticed a catoblepas
  6787 | Lair:1   | XOM: give mutations
  6787 | Lair:1   | Gained mutation: You occasionally shout uncontrollably at
                  | your foes. [Xom's mischief]
  6787 | Lair:1   | Lost mutation: Your spells are harder to cast, but more
                  | powerful. [Xom's mischief]
  6787 | Lair:1   | Lost mutation: Your spells are a little harder to cast, but
                  | a little more powerful. [Xom's mischief]
  6787 | Lair:1   | Gained mutation: You sometimes lose your temper in combat.
                  | [Xom's mischief]
  6788 | Lair:1   | XOM: noise
  6801 | Lair:1   | Mangled by a catoblepas

Illustrated notes

Levels and vault maps discovered:
D:1:      moated_graveyard_arrival, layout_rooms, serial_shops, shop, shop,
          shop, shop
D:2:      layout_basic, uniq_crazy_yiuf_cottage
D:3:      layout_basic, kennysheep_ying_yang, nicolae_qazlal_style_of_elements,
          grunt_gozag_statues, marbit_many_paths, gammafunk_ghost_stat_death
D:4:      layout_basic, uniq_ijyb
D:5:      layout_loops_cross, vehumet_crystals,
          minmay_temple_entry_statues_pillars, uniq_sigmund
D:6:      layout_rooms, nicolae_uskayaw_en_pointe, serial_glass,
          glass_columns_a, glass_columns_a, glass_columns_c, glass_columns_a,
          glass_columns_c, glass_columns_b, glass_columns_b, glass_columns_b,
          glass_columns_a, glass_columns_c, item_on_display_b,
          item_on_display_a, item_on_display_a, feat_on_display
D:7:      layout_basic, gammafunk_ghost_split, roderic_roman_lattice
D:8:      layout_basic, cheibrodos_ashenzari_chains, lemuel_round_altar,
          mainiacjoe_overflow_surrounded_room, lair_entry_dummy
D:9:      layout_roguey, lemuel_coloured_pillars_altar,
          makhleb_altar_promises_db, kennysheep_nub, kennysheep_generic_room_7
Lair:1:   beast_lair_carwin_large_2, layout_regular_city, uniq_prince_ribbit2

Skill      XL: |  1  2  3  4  5  6  7  8  9 10 |
---------------+-------------------------------+-----
Long Blades    | 3 |  3.2
Dodging        | 3 4 5 6 |  6.2
Axes           | 1 2 3 4 |  4.4
Spellcasting   | 1 2 3 4 5 |  5.0
Conjurations   | 1 2 3 4 5 |  5.0
Hexes          | 1 2 3 4 5 |  5.0
Summonings     | 1 2 3 4 5 |  5.0
Necromancy     | 1 2 3 4 5 |  5.0
Translocations | 1 2 3 4 5 |  5.0
Fire Magic     | 1 2 3 4 5 |  5.0
Ice Magic      | 1 2 3 4 5 |  5.0
Air Magic      | 1 2 3 4 5 |  5.0
Earth Magic    | 1 2 3 4 5 |  5.0
Alchemy        | 1 2 3 4 5 |  5.0
Armour         | 2 3 5 6 |  6.7
Fighting       | 5 |  5.7

Action                     |  1- 3 |  4- 6 |  7- 9 | 10-12 || total
---------------------------+-------+-------+-------+-------++-------
  Melee: Falchion          |    11 |       |       |       ||    11
         Dagger            |    36 |       |       |       ||    36
         Punch             |     2 |       |     4 |       ||     6
         War axe           |    18 |    85 |   203 |    18 ||   324
  Throw: Javelin           |       |     2 |       |       ||     2
   Cast: Foxfire           |       |    12 |     2 |       ||    14
    Use: Scroll            |       |    10 |     3 |     4 ||    17
         Potion            |       |       |     2 |     1 ||     3
   Stab: Sleeping          |       |     2 |       |       ||     2
         Petrified         |       |       |     7 |       ||     7
 Armour: Leather armour    |    36 |    36 |       |       ||    72
         Chain mail        |       |    45 |   277 |    19 ||   341
  Dodge: Dodged            |    52 |    42 |   139 |     8 ||   241
